Map: [TLMC15] Berlingrad

Players

Rogue

  • Race: Zerg Zerg

Dark - Winner!

  • Race: Zerg Zerg

Event: DreamHack SC2 Masters 2021 Winter

VOD

Have the link to the VOD?

Description

Time

  • Played on: Nov. 11, 2021, 10:25 a.m.
  • Length: 29:48

All games in this series

Show
View Real Time Build Order
Export as new Build Order

Rogue Zerg 

Build Orders: Hatch First, Lurkers 

Get SALT Encoding   

  12  0:00  Drone  
  13  0:12  Overlord  
  13  0:17  Drone  
  14  0:30  Drone x2  
  16  0:47  Hatchery  
  15  0:50  Drone  
  15  0:54  Drone  
  15  0:57  Drone  
  18  1:08  Extractor  
  17  1:12  Spawning Pool  
  17  1:15  Drone  
  17  1:18  Drone  
  18  1:28  Drone  
  19  1:44  Drone  
  20  1:49  Drone  
  21  2:00  Queen x2  
  25  2:02  Drone, Overlord  
  26  2:11  Drone x2  
  28  2:21  Drone x2  
  30  2:32  Drone, Zergling x2  
  30  2:36  Queen  
  34  2:38  Lair  
  34  2:42  Overlord  
  34  2:46  Drone  
  35  2:53  Drone  
  36  3:01  Drone  
  37  3:06  Drone x2  
  37  3:08  Drone, Evolution Chamber  
  37  3:09  Drone x5  
  44  3:17  Overlord  
  44  3:22  Roach Warren  
  44  3:26  Extractor  
  42  3:27  Extractor  
  42  3:29  Evolution Chamber  
  42  3:30  Drone x3  
  43  3:34  Zerg Missile Weapons Level 1  
  43  3:40  Drone x2  
  45  3:45  Drone x3  
  45  3:46  Drone  
  49  3:50  Overlord  
  49  4:01  Glial Reconstitution  
  49  4:02  Roach  
  51  4:03  Overlord  
  55  4:10  Roach x3  
  55  4:14  Roach  
  59  4:18  Overlord x2  
  59  4:24  Drone x2, Extractor  
  59  4:25  Drone x2  
  59  4:28  Spire  
  59  4:29  Overseer  
  61  4:36  Roach x2  
  65  4:44  Hatchery  
  64  4:47  Roach x2  
  64  4:50  Roach  
  72  4:53  Roach  
  72  4:56  Roach x2  
  72  4:59  Drone  
  77  5:01  Overlord  
  77  5:05  Roach  
  79  5:08  Overlord  
  79  5:10  Roach  
  79  5:13  Overlord  
  81  5:20  Overlord  
  81  5:25  Drone  
  82  5:30  Overlord  
  81  5:45  Spine Crawler, Mutalisk x5  
  90  5:53  Roach x2  
  90  5:54  Spine Crawler  
  90  5:55  Spine Crawler, Roach  
  94  5:59  Evolution Chamber  
  94  6:01  Roach  
  94  6:02  Roach  
  97  6:07  Roach x2  
  101  6:16  Zerg Missile Weapons Level 2  
  101  6:17  Overlord  
  104  6:20  Drone x6  
  111  6:25  Mutalisk  
  113  6:43  Mutalisk  
  113  6:44  Mutalisk, Overlord  
  117  6:48  Drone x3, Hatchery  
  119  6:55  Mutalisk  
  121  7:06  Mutalisk  
  123  7:08  Overlord  
  123  7:16  Mutalisk  
  123  7:17  Roach  
  123  7:18  Roach x2, Overlord x2  
  131  7:23  Hatchery  
  131  7:29  Roach  
  132  7:30  Overlord  
  132  7:40  Zerg Ground Armor Level 1  
  132  7:42  Roach x4  
  132  7:44  Overlord  
  140  7:49  Drone x3  
  143  7:59  Roach x2  
  143  8:03  Extractor  
  146  8:08  Roach x2  
  146  8:09  Hatchery, Overlord  
  149  8:13  Drone x2  
  149  8:14  Drone x2  
  153  8:23  Roach, Overlord  
  155  8:32  Roach  
  157  8:37  Roach  
  157  8:38  Roach x7  
  157  8:40  Ravager x4  
  177  8:45  Roach  
  179  8:53  Roach  
  179  8:54  Roach  
  183  8:56  Roach  
  183  8:58  Roach  
  183  8:59  Roach  
  189  9:08  Queen  
  191  9:10  Roach  
  191  9:11  Overlord  
  191  9:12  Extractor  
  192  9:17  Overlord  
  192  9:19  Roach  
  194  9:30  Roach  
  194  9:31  Roach x3  
  200  9:45  Infestation Pit, Hydralisk Den  
  198  9:49  Drone x2  
  200  10:11  Roach  
  200  10:13  Zerg Ground Armor Level 2  
  198  10:23  Drone x2, Extractor  
  198  10:25  Hive, Extractor  
  198  10:27  Lurker Den  
  197  10:31  Overseer, Roach  
  197  10:32  Pneumatized Carapace  
  197  10:33  Nydus Network  
  198  10:55  Roach  
  200  11:00  Overseer  
  200  11:08  Spine Crawler  
  199  11:16  Overseer  
  199  11:17  Spine Crawler  
  198  11:21  Roach  
  200  11:27  Spine Crawler  
  199  11:34  Hatchery  
  199  11:39  Nydus Canal  
  193  11:41  Roach  
  184  11:47  Hydralisk x11  
  184  11:48  Hydralisk x2  
  200  12:11  Drone x5  
  200  12:12  Drone x2  
  200  12:13  Lurker x2  
  200  12:14  Lurker  
  182  12:23  Overlord  
  182  12:25  Seismic Spines  
  182  12:28  Lurker  
  182  12:29  Lurker x6  
  181  12:31  Overlord  
  181  12:36  Roach  
  181  12:37  Roach x7  
  183  12:41  Nydus Canal  
  183  12:45  Roach x3  
  183  12:48  Roach x2  
  193  12:52  Roach  
  193  12:53  Roach x2  
  193  12:57  Roach  
  193  12:58  Roach x2  
  197  12:59  Roach  
  197  13:03  Drone  
  198  13:08  Nydus Canal  
  198  13:11  Hatchery  
  195  13:14  Roach  
  195  13:19  Roach  
  199  13:23  Adaptive Talons, Hatchery  
  199  13:26  Zerg Missile Weapons Level 3  
  198  13:31  Nydus Canal  
  194  13:42  Overseer  
  194  13:43  Drone  
  194  13:45  Drone x5  
  200  14:07  Tunneling Claws  
  200  14:08  Burrow  
  200  14:19  Overseer  
  200  14:32  Overseer  
  200  14:44  Nydus Canal  
  200  14:59  Lurker  
  198  15:00  Lurker x2  
  198  15:03  Overseer, Nydus Canal  
  197  15:20  Hydralisk x8  
  190  15:26  Drone x8  
  190  15:28  Nydus Canal  
  193  15:38  Hydralisk x4, Extractor  
  198  15:43  Extractor  
  198  15:48  Nydus Canal  
  195  15:50  Hydralisk x2  
  197  16:02  Viper x4  
  197  16:03  Hydralisk  
  193  16:08  Lurker  
  177  16:12  Hydralisk x11  
  177  16:17  Drone x2  
  156  16:26  Drone x9  
  156  16:27  Roach x8  
  156  16:29  Roach  
  156  16:30  Roach  
  156  16:32  Roach  
  181  16:35  Overseer  
  181  16:36  Roach x2  
  181  16:39  Roach  
  185  16:42  Drone x16, Roach x2  
  187  16:50  Overseer  
  187  16:52  Hydralisk x3  
  189  17:11  Hatchery  
  188  17:17  Hydralisk  
  188  17:18  Overlord  
  188  17:20  Grooved Spines  
  190  17:26  Overseer  
  189  17:39  Drone x2  
  189  17:40  Drone  
  190  17:45  Lurker  
  190  17:46  Lurker x5, Overlord  
  196  17:53  Hatchery  
  196  17:55  Overseer x2  
  183  18:05  Hydralisk  
  183  18:06  Hydralisk x3  
  169  18:15  Hydralisk  
  169  18:19  Hydralisk x2  
  155  18:21  Drone x8  
  155  18:25  Roach x3  
  164  18:31  Muscular Augments  
  164  18:34  Overlord  
  164  18:41  Extractor  
  164  18:45  Extractor, Overlord  
  164  18:46  Extractor  
  164  18:47  Roach  
  164  18:48  Overlord  
  163  18:49  Overlord  
  163  18:54  Overlord  
  163  18:57  Overlord  
  163  19:00  Zerg Ground Armor Level 3  
  163  19:06  Drone x9  
  172  19:17  Hydralisk x5  
  172  19:21  Overseer x3  
  182  19:30  Drone x2  
  184  19:33  Spine Crawler, Spore Crawler  
  184  19:34  Drone  
  184  19:35  Drone x2  
  186  19:38  Lurker x2  
  186  19:39  Lurker  
  186  19:40  Lurker  
  171  19:45  Roach x12  
  171  19:58  Hydralisk x8  
  187  20:05  Drone x3  
  190  20:08  Drone x3  
  190  20:09  Overlord  
  193  20:17  Lurker x2  
  193  20:18  Lurker x2  
  197  20:22  Overseer x2  
  197  20:24  Overseer  
  197  20:28  Drone x3  
  197  20:31  Hatchery  
  199  20:37  Overseer  
  199  20:43  Spore Crawler x2  
  199  20:44  Spine Crawler, Spore Crawler  
  199  20:45  Spine Crawler  
  199  20:46  Viper x2  
  199  20:49  Spore Crawler  
  199  20:59  Spore Crawler  
  199  21:00  Drone, Spore Crawler  
  199  21:01  Drone, Spine Crawler x2  
  199  21:02  Spore Crawler  
  196  21:06  Spore Crawler  
  196  21:09  Hydralisk x2  
  199  21:35  Overseer  
  199  21:36  Lurker  
  200  21:50  Spine Crawler  
  199  22:10  Drone  
  200  22:43  Overseer x2, Spore Crawler x2  
  186  22:44  Spore Crawler x3  
  186  22:46  Viper  
  186  22:47  Viper x3, Spore Crawler  
  194  22:53  Evolution Chamber x2  
  194  22:54  Evolution Chamber  
  194  22:55  Evolution Chamber x2  
  194  22:56  Overseer x2, Evolution Chamber  
  188  22:59  Evolution Chamber  
  188  23:03  Hydralisk x4  
  188  23:04  Hydralisk x2  
  199  23:06  Adrenal Glands  
  199  23:08  Zerg Melee Weapons Level 1  
  199  23:18  Spore Crawler  
  198  23:24  Hatchery  
  197  23:27  Hatchery  
  196  23:50  Spore Crawler  
  195  24:09  Extractor  
  192  24:10  Extractor  
  192  24:14  Overseer, Zergling x22, Spore Crawler x2  
  200  24:17  Spore Crawler  
  200  24:18  Spine Crawler x2  
  200  24:20  Spine Crawler  
  200  24:21  Spine Crawler  
  195  24:36  Viper  
  196  24:39  Metabolic Boost  
  196  24:40  Overseer  
  187  24:49  Zergling x16  
  187  24:50  Zergling x12  
  192  25:09  Zerg Melee Weapons Level 2  
  192  25:13  Viper x3  
  193  25:22  Overseer  
  193  25:25  Zergling x12  
  196  25:46  Lurker x3, Roach x7  
  197  26:05  Zergling x6  
  197  26:06  Overseer  
  183  26:28  Viper x4  
  183  26:29  Zergling x2  
  183  26:30  Zergling x26  
  198  26:32  Zergling x2  
  198  26:39  Zergling x2  
  199  26:45  Zergling x18  
  193  26:57  Overlord  
  170  27:09  Zergling x36  
  188  27:27  Zergling x18  
  188  27:28  Zergling x2  
  177  27:41  Hydralisk x9  
  184  27:49  Hatchery  
  179  27:53  Hydralisk x5  
  187  28:04  Overlord  
  176  28:10  Hydralisk x2  
  176  28:11  Hydralisk x2  
  166  28:19  Hydralisk x7  
  158  28:28  Hydralisk x6  
  158  28:29  Hydralisk x4  
  170  28:35  Hydralisk x7  
  181  28:45  Overlord  
  177  28:49  Overseer x3  
  161  28:55  Hydralisk  
  161  28:56  Hydralisk x13  
  161  28:57  Overlord  
  172  29:04  Hydralisk x6  
  172  29:05  Hydralisk  
  173  29:14  Hydralisk x7  
  173  29:15  Hydralisk  
  173  29:17  Hydralisk x3  
  163  29:22  Hydralisk x5  
  163  29:30  Lurker  
  163  29:31  Lurker x4  
Show
View Real Time Build Order
Export as new Build Order

Dark Zerg - Winner!

Build Orders: Hatch First, Lurkers 

Get SALT Encoding   

  12  0:00  Drone  
  13  0:11  Overlord  
  13  0:17  Drone  
  14  0:30  Drone x2  
  16  0:46  Hatchery  
  15  0:50  Drone  
  15  0:54  Drone  
  18  0:57  Drone  
  18  1:07  Extractor  
  17  1:12  Spawning Pool  
  17  1:15  Drone  
  17  1:20  Drone  
  18  1:28  Drone  
  19  1:37  Drone  
  20  1:49  Drone  
  21  1:59  Queen x2  
  21  2:00  Drone  
  21  2:01  Zergling x2  
  27  2:11  Overlord  
  27  2:12  Drone  
  27  2:13  Metabolic Boost  
  28  2:30  Drone x2  
  28  2:33  Drone, Zergling x2  
  32  2:40  Hatchery  
  31  2:46  Queen  
  33  2:54  Baneling Nest, Overlord  
  33  2:58  Drone  
  33  3:02  Zergling x2  
  33  3:03  Zergling x2  
  33  3:04  Zergling x2  
  35  3:07  Drone  
  36  3:15  Drone, Evolution Chamber  
  36  3:16  Drone  
  36  3:18  Drone  
  38  3:22  Drone  
  39  3:28  Drone x3  
  42  3:39  Overlord  
  42  3:40  Zerg Ground Armor Level 1  
  42  3:45  Drone x2  
  44  3:52  Drone x5  
  44  3:54  Baneling  
  49  4:03  Drone x2  
  49  4:05  Roach Warren  
  49  4:06  Extractor  
  49  4:08  Extractor  
  49  4:09  Zergling x6  
  51  4:13  Zergling x2  
  52  4:18  Zergling x8  
  52  4:21  Overlord  
  52  4:23  Drone  
  57  4:30  Overlord  
  57  4:31  Drone  
  58  4:45  Roach x4  
  66  4:54  Roach x3  
  66  4:57  Roach  
  66  4:58  Overlord  
  74  5:01  Overlord  
  74  5:03  Overlord  
  74  5:05  Overlord  
  74  5:07  Overlord  
  74  5:12  Overlord  
  74  5:18  Zergling x4, Roach x2  
  74  5:20  Zergling x2  
  81  5:25  Ravager x4  
  81  5:27  Zergling x4  
  87  5:31  Zergling x4  
  89  5:38  Zergling x2  
  89  5:39  Zergling x8  
  89  5:42  Ravager x2  
  96  5:45  Zergling x6  
  99  5:50  Zergling x6  
  99  5:52  Zergling x2  
  103  5:58  Ravager  
  103  5:59  Zergling x6  
  103  6:03  Zergling x6  
  110  6:05  Zergling x2  
  110  6:06  Zergling x2  
  112  6:12  Drone, Queen  
  112  6:13  Drone  
  112  6:16  Drone  
  112  6:17  Drone  
  117  6:19  Drone  
  117  6:21  Drone  
  117  6:24  Zerg Missile Weapons Level 1  
  116  6:28  Queen  
  115  6:33  Spore Crawler  
  115  6:36  Spore Crawler  
  115  6:37  Drone x3  
  115  6:40  Drone  
  116  6:50  Drone x5  
  121  6:58  Spore Crawler  
  121  7:00  Drone x4  
  120  7:09  Overlord  
  119  7:18  Overlord  
  119  7:19  Roach  
  119  7:20  Lair  
  121  7:25  Queen  
  121  7:29  Roach x5  
  130  7:36  Extractor  
  129  7:39  Overlord x3  
  129  7:40  Overlord  
  129  7:52  Spore Crawler, Overlord x3  
  129  7:57  Queen  
  130  7:59  Drone x5  
  135  8:06  Drone  
  135  8:08  Spore Crawler  
  135  8:09  Spore Crawler  
  135  8:11  Roach x2  
  138  8:13  Ravager x3  
  138  8:19  Zerg Missile Weapons Level 2  
  141  8:20  Glial Reconstitution  
  141  8:22  Queen  
  141  8:24  Queen  
  145  8:28  Roach x2  
  145  8:31  Drone x3  
  145  8:33  Drone  
  153  8:35  Extractor  
  153  8:37  Overlord  
  153  8:38  Roach  
  153  8:41  Overlord  
  154  8:43  Extractor  
  153  8:53  Drone x2  
  153  8:55  Drone x6  
  160  9:00  Drone x2  
  165  9:03  Roach x4  
  165  9:09  Drone x2, Hydralisk Den  
  172  9:11  Roach x2  
  176  9:19  Roach  
  176  9:20  Overlord x3  
  177  9:39  Lurker Den  
  177  9:41  Infestation Pit  
  177  9:42  Roach x9  
  192  9:48  Extractor  
  191  9:53  Spore Crawler  
  191  9:57  Roach x3  
  191  9:58  Roach  
  198  10:03  Spore Crawler  
  197  10:07  Extractor  
  196  10:17  Hive  
  196  10:22  Hatchery  
  196  10:26  Roach x2  
  199  10:35  Zerg Ground Armor Level 2  
  198  10:43  Hydralisk  
  199  11:01  Overlord  
  199  11:02  Overlord  
  199  11:07  Overlord  
  199  11:19  Spore Crawler  
  199  11:20  Overlord  
  199  11:21  Hydralisk, Spore Crawler  
  199  11:22  Spore Crawler  
  198  11:29  Lurker  
  188  11:49  Hydralisk x2  
  188  11:53  Hydralisk x3  
  188  11:54  Hydralisk x2  
  173  12:01  Hydralisk x4  
  174  12:11  Hydralisk x3  
  174  12:13  Roach x6  
  174  12:15  Roach x4  
  185  12:17  Roach x6  
  184  12:24  Adaptive Talons  
  180  12:31  Overlord  
  180  12:34  Roach  
  180  12:36  Roach x2  
  186  12:37  Hatchery  
  187  12:44  Roach  
  187  12:47  Roach  
  173  13:00  Drone x3  
  173  13:02  Lurker x2  
  178  13:09  Lurker x2  
  178  13:10  Drone  
  181  13:21  Lurker x2, Seismic Spines  
  181  13:22  Drone x3  
  181  13:26  Overseer  
  182  13:34  Drone  
  182  13:35  Drone  
  182  13:40  Lurker  
  184  13:53  Spore Crawler  
  183  13:56  Zerg Missile Weapons Level 3, Spore Crawler  
  176  14:09  Hatchery  
  173  14:15  Viper  
  176  14:26  Hydralisk x5, Spore Crawler x3  
  176  14:27  Spore Crawler  
  176  14:29  Drone x6  
  176  14:30  Drone  
  185  14:37  Viper  
  188  14:43  Overseer  
  188  14:47  Spore Crawler  
  188  14:51  Hatchery  
  183  15:00  Viper  
  183  15:01  Spore Crawler  
  183  15:03  Lurker  
  183  15:04  Drone  
  183  15:05  Drone x8  
  196  15:15  Spore Crawler  
  196  15:17  Hydralisk x2  
  190  15:21  Drone  
  190  15:23  Drone x2  
  190  15:26  Extractor  
  190  15:29  Extractor  
  190  15:32  Spore Crawler x2  
  190  15:33  Spore Crawler  
  190  15:35  Hydralisk x2  
  184  15:39  Lurker x2  
  183  15:49  Hydralisk x2  
  184  15:50  Hydralisk  
  184  15:51  Viper  
  193  16:01  Overseer  
  182  16:06  Hydralisk x2  
  182  16:09  Lurker x3  
  179  16:19  Hydralisk x3  
  179  16:25  Hydralisk, Lurker x2  
  166  16:30  Drone, Hydralisk  
  167  16:44  Hydralisk x2  
  169  17:00  Hydralisk x2  
  165  17:03  Overseer  
  165  17:08  Viper x2  
  165  17:13  Hatchery  
  165  17:14  Overlord  
  165  17:15  Drone  
  171  17:22  Hatchery  
  170  17:26  Viper  
  173  17:40  Hydralisk  
  173  17:41  Hydralisk x2  
  177  17:47  Spore Crawler  
  177  17:48  Spore Crawler  
  177  17:49  Lurker x3, Spore Crawler x2  
  177  17:50  Drone x2  
  174  17:56  Drone  
  174  17:57  Drone x5  
  180  17:58  Extractor  
  174  18:17  Hydralisk  
  174  18:18  Hydralisk x6  
  181  18:22  Drone  
  180  18:31  Drone  
  180  18:32  Drone x3  
  182  18:36  Drone x2  
  182  18:37  Extractor  
  182  18:38  Extractor  
  182  18:43  Drone x3  
  181  18:50  Lurker x4  
  181  18:56  Drone x2  
  183  19:05  Lurker x3  
  183  19:09  Lurker  
  183  19:16  Spore Crawler  
  182  19:26  Hydralisk x3  
  182  19:28  Lurker x3  
  191  19:34  Pneumatized Carapace  
  191  19:39  Spore Crawler  
  191  19:40  Spore Crawler x2  
  191  19:44  Overseer  
  188  19:46  Evolution Chamber x3  
  188  19:47  Lurker x2  
  188  19:48  Lurker  
  188  19:55  Spore Crawler  
  188  19:56  Spore Crawler  
  186  20:00  Zerg Ground Armor Level 3  
  186  20:05  Drone x2  
  188  20:07  Spore Crawler  
  188  20:08  Grooved Spines  
  188  20:13  Drone x3  
  186  20:16  Spore Crawler  
  186  20:18  Drone x3  
  186  20:20  Spore Crawler  
  187  20:21  Spore Crawler  
  187  20:24  Lurker x3  
  187  20:26  Overseer x2  
  189  20:46  Spine Crawler x2  
  189  20:47  Spore Crawler  
  189  20:48  Hydralisk  
  188  20:50  Overseer x2  
  188  20:51  Overseer x4  
  188  20:56  Lurker x2  
  190  21:01  Lurker  
  191  21:06  Spore Crawler x2  
  191  21:09  Hydralisk x3  
  195  21:20  Muscular Augments  
  195  21:31  Hydralisk x2  
  199  21:47  Spore Crawler x2  
  197  21:57  Evolution Chamber  
  197  22:00  Evolution Chamber  
  195  22:07  Hydralisk x2  
  199  22:14  Drone  
  200  22:17  Spore Crawler x2  
  198  22:40  Hatchery  
  194  22:49  Drone  
  194  22:50  Drone x6  
  198  22:56  Evolution Chamber x2  
  198  22:58  Evolution Chamber x2  
  194  23:06  Drone x2, Lurker x2  
  198  23:15  Lurker x2  
  200  23:25  Overseer x4  
  200  23:32  Drone x2  
  200  23:34  Extractor  
  197  23:41  Drone  
  197  23:48  Overseer  
  198  23:51  Spore Crawler  
  198  23:52  Spore Crawler x2  
  198  23:53  Spore Crawler  
  198  23:55  Hydralisk x3  
  194  23:58  Extractor  
  190  24:12  Drone x3  
  190  24:13  Drone x3, Spore Crawler  
  190  24:14  Spore Crawler x3  
  190  24:15  Spore Crawler  
  185  24:38  Hydralisk  
  185  24:39  Hydralisk x2  
  188  24:49  Viper x2  
  188  24:50  Viper  
  188  24:51  Hydralisk x3  
  194  25:05  Hydralisk x3, Spore Crawler  
  196  25:17  Lurker x4  
  197  25:29  Spore Crawler  
  196  25:55  Hydralisk x2  
  200  25:57  Hatchery  
  196  26:28  Viper x3  
  199  26:34  Evolution Chamber  
  199  26:36  Evolution Chamber  
  197  26:40  Hydralisk  
  196  26:50  Lair  
  196  26:52  Hydralisk  
  195  26:56  Hydralisk x2  
  199  27:06  Viper x3  
  199  27:17  Overseer  
  199  27:32  Extractor  
  199  27:35  Spore Crawler  
  199  27:36  Spore Crawler  
  196  27:37  Spore Crawler x2, Extractor  
  196  27:38  Spore Crawler  
  196  27:39  Overseer  
  196  27:40  Hydralisk Den, Lurker Den  
  196  27:41  Hydralisk x6  
  196  27:42  Hydralisk  
  188  27:46  Hydralisk x7  
  188  27:50  Overseer  
  196  27:54  Hydralisk x7  
  196  27:57  Hydralisk  
  196  27:58  Hydralisk  
  199  28:01  Hydralisk  
  200  28:11  Hydralisk  
  200  28:13  Hydralisk  
  200  28:18  Lair  
  194  28:21  Overseer  
  194  28:22  Hive  
  194  28:24  Hydralisk x3, Evolution Chamber  
  194  28:26  Hydralisk  
  196  28:38  Lurker x2  
  196  28:39  Hydralisk x4  
  199  28:46  Hydralisk x2  
  200  28:53  Hydralisk x3  
  200  28:54  Hydralisk x2  
  199  28:57  Hydralisk x4  
  197  29:05  Hydralisk x3  
  197  29:07  Hydralisk x2  
  197  29:08  Hydralisk  
  197  29:09  Hydralisk x2  
  197  29:18  Hydralisk x4  
  197  29:20  Hydralisk  
  191  29:32  Lurker x2  
  191  29:33  Lurker  

Tags
 
Add a new tag
Caveats
  • Supply blocks, unpowered buildings, or Contaminate may cause inaccurate times.
  • Supply counts are checked every 10 seconds.